Kings vs Flyers

Created - 8 mai 2020 at 13:14

Goals
1 2 3 OT1 T
Kings 2 0 1 1 4
Flyers 3 0 0 0 3
Shots
1 2 3 OT1 T
Kings 9 7 13 3 32
Flyers 12 6 13 6 37

1st period

1. Flyers , Jakub Vrana 1 (Martin Necas 3, Travis Zajac 4) at 0:34
2. Kings , Nikolay Goldobin 2 (Artturi Lehkonen 2, Zack Smith 1) at 6:29
3. Flyers , Filip Forsberg 2 (Travis Zajac 5, Patrick Kane 2) at 7:30
4. Flyers , Brandon Montour 1 (Travis Konecny 2, Filip Forsberg 4) at 11:39 (PP)
5. Kings , Alex Ovechkin 6 (Tomas Hertl 5) at 11:49

Penalties :
Shea Weber (LAK) for Roughing (Minor) at 10:56, Tyson Barrie (PHI) for Delaying the game (Minor) at 11:52, Alex Ovechkin (LAK) for High sticking (Minor) at 17:09

2nd period

No Goal

Penalties :
Alexander Radulov (LAK) for Roughing (Minor) at 7:02, Shea Weber (LAK) for Interference (Minor) at 13:14, Nikita Zadorov (PHI) for Elbowing (Minor) at 18:38

3rd period

6. Kings , Carter Rowney 1 (Taro Hirose 1, Sean Kuraly 1) at 6:04

Penalties :
Alex Ovechkin (LAK) for Holding (Minor) at 1:36, Filip Forsberg (PHI) for Hooking (Minor) at 9:43

Overtime #1

7. Kings , Nikolay Goldobin 3 (Zack Smith 2) at 11:18

Penalties :
Alexander Radulov (LAK) for Holding (Minor) at 4:58

Goalie Stats

Semyon Varlamov (LAK), 34 saves from 37 shots - (0,919), W, 4-1-2, 71:18 minutes
Matt Murray (PHI), 28 saves from 32 shots - (0,875), OTL, 3-3-1, 71:18 minutes

Players Stats for Kings

Player Name              G  A  P  +/- PIM S  H  SB GA TA FO     MP     PP MP  PK MP  
------------------------------------------------------------------------------------
Alex Goligoski           0  0  0   1  0   1  3  0  1  2  0/0    25:27   3:29   0:00 
Alex Ovechkin            1  0  1  -1  4   2  1  1  3  1  0/2    22:44   3:15   1:57 
Alexander Radulov        0  0  0  -1  4   1  1  0  0  0  0/2    21:24   3:15   0:00 
Artem Anisimov           0  0  0   0  0   3  2  0  0  1  7/25   21:15   2:42   1:09 
Artemi Panarin           0  0  0   0  0   6  2  2  0  1  0/2    19:00   2:42   0:00 
Artturi Lehkonen         0  1  1   2  0   3  1  0  0  0  0/0    17:19   0:00   6:32 
Brian Dumoulin           0  0  0  -1  0   0  1  1  0  2  0/0    26:07   2:28   7:01 
Carter Rowney            1  0  1   1  0   3  0  0  0  1  0/0     9:32   0:00   0:00 
Danny DeKeyser           0  0  0   2  0   1  0  1  0  0  0/0    19:44   0:00   3:37 
Jonas Brodin             0  0  0  -1  0   0  1  3  0  0  0/0    26:07   2:28   7:01 
Luke Schenn              0  0  0   2  0   2  1  4  0  0  0/0    19:44   0:00   3:37 
Nikolay Goldobin         2  0  2   2  0   3  0  0  0  0  0/0    10:05   0:00   0:00 
Sean Kuraly              0  1  1   1  0   0  2  0  1  0  1/1    11:49   0:00   2:06 
Shea Weber               0  0  0   1  4   0  2  5  0  1  0/0    25:46   3:29   0:00 
Taro Hirose              0  1  1   1  0   1  0  0  0  0  0/0     9:27   0:00   0:00 
Tomas Hertl              0  1  1  -1  0   1  1  0  0  0  8/16   23:22   3:15   3:08 
Tyler Johnson            0  0  0   0  0   3  0  1  0  0  0/1    19:00   2:42   0:00 
Zack Smith               0  2  2   2  0   2  2  2  1  0  6/17   17:54   0:00   6:24 

Players Stats for Flyers

Player Name              G  A  P  +/- PIM S  H  SB GA TA FO     MP     PP MP  PK MP  
------------------------------------------------------------------------------------
Brandon Montour          1  0  1  -4  0   2  3  0  0  0  0/0    27:25   3:46   4:14 
Calle Jarnkrok           0  0  0   0  0   0  2  0  2  0  6/7    15:07   0:00   3:19 
Casey Cizikas            0  0  0  -1  0   0  4  0  1  1  2/8    16:49   0:00   3:19 
Filip Forsberg           1  1  2   1  2   5  2  0  1  0  0/1    20:21   4:34   0:13 
Jakub Vrana              1  0  1  -1  0   3  1  0  1  2  0/0    13:34   0:04   0:00 
Kevin Fiala              0  0  0   0  0   2  0  0  0  0  0/0    11:02   0:00   0:00 
Kevin Labanc             0  0  0   0  0   3  1  0  0  0  0/0    11:35   0:00   0:00 
Leon Draisaitl           0  0  0  -2  0   4  0  0  1  0  19/28  22:18   6:04   0:14 
Martin Necas             0  1  1  -1  0   3  2  0  1  0  0/0    18:59   6:00   0:00 
Mike Matheson            0  0  0   2  0   3  0  1  0  0  0/0    21:00   0:00   2:34 
Nikita Zadorov           0  0  0   0  2   0  1  2  0  0  0/0    18:31   0:00   1:28 
Patrick Kane             0  1  1  -2  0   2  0  0  1  0  2/2    20:25   6:04   0:00 
Rasmus Ristolainen       0  0  0  -4  0   1  0  2  1  1  0/0    26:26   6:52   0:15 
T.J. Brodie              0  0  0   0  0   0  0  1  0  1  0/0    20:10   0:00   3:23 
Travis Konecny           0  1  1   1  0   3  1  0  0  0  1/1    20:24   4:34   0:01 
Travis Zajac             0  2  2   1  0   3  2  0  0  0  12/17  20:39   4:34   2:24 
Tyson Barrie             0  0  0   2  2   0  2  0  0  0  0/0    21:56   3:46   0:00 
Vincent Trocheck         0  0  0  -2  0   3  3  1  0  1  2/2    23:49   6:52   2:24 

3 Stars

1 - Nikolay Goldobin (LAK)
2 - Zack Smith (LAK)
3 - Filip Forsberg (PHI)

Power Play

Kings - 0 on 3 Attempt(s) - 0,00%
Flyers - 1 on 6 Attempt(s) - 16,67%

Penalty Kill

Kings - 5 on 6 Attempt(s) - 83,33% - Score 0 goal in Penalty Kill
Flyers - 3 on 3 Attempt(s) - 100,00% - Score 0 goal in Penalty Kill

Team Stat

Kings - Hits : 20 - Faceoff Wins : 22 - Blocked Shots : 20 - Penalty Minutes : 12
Flyers - Hits : 24 - Faceoff Wins : 44 - Blocked Shots : 7 - Penalty Minutes : 6

Official

Referees : Trevor Hanson and Justin StPierre
Linesman : David Brisebois and Jonny Murray

Game Notes

No Game Note

Finance

Level 1 -- Attendance: 6000 (100,00%) -- Ticket Income 570 000 $
Level 2 -- Attendance: 5000 (100,00%) -- Ticket Income 270 000 $
Level 3 -- Attendance: 2000 (100,00%) -- Ticket Income 66 000 $
Level 4 -- Attendance: 4000 (100,00%) -- Ticket Income 88 000 $
Luxury Box -- Attendance: 1000 (100,00%) -- Ticket Income 165 000 $
Game was played at the Spectrum.
Total Attendance: 18000 (100,00%)
Total Ticket Income: 1 159 000 $
Other Income: 567 910 $
Total Income: 1 726 910 $

Kings

5 vs 5 Forward 
   Center                   Left Wing                Right Wing               Time % Phy DF OF 
 1 Tomas Hertl              Alex Ovechkin            Alexander Radulov        37     0   1  4  
 2 Artem Anisimov           Tyler Johnson            Artemi Panarin           34     0   1  4  
 3 Zack Smith               Nikolay Goldobin         Artturi Lehkonen         21     1   2  2  
 4 Sean Kuraly              Taro Hirose              Carter Rowney            8      1   2  2  

5 vs 5 Defense 
   Defense                  Defense                                           Time % Phy DF OF 
 1 Shea Weber               Alex Goligoski                                    40     1   3  1  
 2 Jonas Brodin             Brian Dumoulin                                    36     1   3  1  
 3 Danny DeKeyser           Luke Schenn                                       24     1   3  1  
 4 Shea Weber               Alex Goligoski                                    0      1   3  1  

PowerPlay Forward 
   Center                   Left Wing                Right Wing               Time % Phy DF OF 
 1 Tomas Hertl              Alex Ovechkin            Alexander Radulov        60     0   1  4  
 2 Artem Anisimov           Tyler Johnson            Artemi Panarin           40     0   1  4  

PowerPlay Defense
   Defense                  Defense                                           Time % Phy DF OF 
 1 Shea Weber               Alex Goligoski                                    60     1   1  3  
 2 Jonas Brodin             Brian Dumoulin                                    40     1   1  3  

Penalty Kill 4 Players Forward 
   Center                   Wing                     Time % Phy DF OF 
 1 Zack Smith               Artturi Lehkonen         60     1   4  0  
 2 Sean Kuraly              Artturi Lehkonen         40     1   4  0  

Penalty Kill 4 Players Defense
   Defense                  Defense                  Time % Phy DF OF 
 1 Brian Dumoulin           Jonas Brodin             60     1   4  0  
 2 Danny DeKeyser           Luke Schenn              40     1   4  0  

Penalty Kill - 3 Players Forward 
   Forward                                           Time % Phy DF OF 
 1 Tomas Hertl                                       60     1   4  0  
 2 Zack Smith                                        40     1   4  0  

Penalty Kill - 3 Players Defense
   Defense                  Defense                  Time % Phy DF OF 
 1 Shea Weber               Alex Goligoski           60     1   4  0  
 2 Brian Dumoulin           Jonas Brodin             40     1   4  0  

4 vs 4 Forward 
   Center                   Wing                     Time % Phy DF OF 
 1 Tomas Hertl              Alex Ovechkin            60     0   2  3  
 2 Tyler Johnson            Artemi Panarin           40     0   2  3  

4 vs 4 Defense
   Defense                  Defense                  Time % Phy DF OF 
 1 Shea Weber               Alex Goligoski           60     0   2  3  
 2 Jonas Brodin             Brian Dumoulin           40     0   2  3  

Last Minutes Offensive
   Center                   Left Wing                Right Wing               Defense                  Defense                  
   Tomas Hertl              Alex Ovechkin            Artemi Panarin           Shea Weber               Alex Goligoski           

Last Minutes Defensive
   Center                   Left Wing                Right Wing               Defense                  Defense                  
   Tomas Hertl              Sean Kuraly              Zack Smith               Shea Weber               Alex Goligoski           

Goaltenders
Starting : Semyon Varlamov          
Backup : Jimmy Howard             

Extra Forwards
Normal : Artturi Lehkonen, Artem Anisimov, Zack Smith - PP : Artem Anisimov, Artturi Lehkonen - PK : Zack Smith
Extra Defensemen
Normal : Danny DeKeyser, Shea Weber, Brian Dumoulin - PP : Danny DeKeyser - PK : Luke Schenn, Danny DeKeyser
Penalty Shots
Alexander Radulov, Artemi Panarin, Alex Ovechkin, Tomas Hertl, Tyler Johnson
Custom OT Lines Forwards
Alex Ovechkin, Tomas Hertl, Artemi Panarin, Alexander Radulov, Artem Anisimov, Taro Hirose, Tyler Johnson, Zack Smith, Artturi Lehkonen, Sean Kuraly
Custom OT Lines Defensemen
Danny DeKeyser, Shea Weber, Brian Dumoulin, Jonas Brodin, Alex Goligoski

Scratches
Carl Dahlstrom (Healthy)

Flyers

5 vs 5 Forward 
   Center                   Left Wing                Right Wing               Time % Phy DF OF 
 1 Leon Draisaitl           Vincent Trocheck         Patrick Kane             32     0   1  4  
 2 Travis Zajac             Filip Forsberg           Travis Konecny           28     0   1  4  
 3 Casey Cizikas            Jakub Vrana              Martin Necas             25     0   1  4  
 4 Calle Jarnkrok           Kevin Labanc             Kevin Fiala              15     1   2  2  

5 vs 5 Defense 
   Defense                  Defense                                           Time % Phy DF OF 
 1 Rasmus Ristolainen       Brandon Montour                                   37     0   3  2  
 2 Tyson Barrie             Mike Matheson                                     34     0   3  2  
 3 Nikita Zadorov           T.J. Brodie                                       29     0   4  1  
 4 Tyson Barrie             Rasmus Ristolainen                                0      0   2  3  

PowerPlay Forward 
   Center                   Left Wing                Right Wing               Time % Phy DF OF 
 1 Leon Draisaitl           Martin Necas             Patrick Kane             55     0   1  4  
 2 Travis Zajac             Filip Forsberg           Travis Konecny           45     0   1  4  

PowerPlay Defense
   Defense                  Defense                                           Time % Phy DF OF 
 1 Rasmus Ristolainen       Vincent Trocheck                                  55     0   3  2  
 2 Tyson Barrie             Brandon Montour                                   45     0   3  2  

Penalty Kill 4 Players Forward 
   Center                   Wing                     Time % Phy DF OF 
 1 Calle Jarnkrok           Casey Cizikas            55     1   4  0  
 2 Travis Zajac             Vincent Trocheck         45     1   4  0  

Penalty Kill 4 Players Defense
   Defense                  Defense                  Time % Phy DF OF 
 1 Brandon Montour          T.J. Brodie              50     1   4  0  
 2 Nikita Zadorov           Mike Matheson            50     1   4  0  

Penalty Kill - 3 Players Forward 
   Forward                                           Time % Phy DF OF 
 1 Casey Cizikas                                     55     0   5  0  
 2 Travis Zajac                                      45     0   5  0  

Penalty Kill - 3 Players Defense
   Defense                  Defense                  Time % Phy DF OF 
 1 Brandon Montour          T.J. Brodie              50     0   5  0  
 2 Nikita Zadorov           Mike Matheson            50     0   5  0  

4 vs 4 Forward 
   Center                   Wing                     Time % Phy DF OF 
 1 Leon Draisaitl           Patrick Kane             55     0   2  3  
 2 Vincent Trocheck         Filip Forsberg           45     0   2  3  

4 vs 4 Defense
   Defense                  Defense                  Time % Phy DF OF 
 1 Rasmus Ristolainen       Brandon Montour          55     0   3  2  
 2 Tyson Barrie             T.J. Brodie              45     0   3  2  

Last Minutes Offensive
   Center                   Left Wing                Right Wing               Defense                  Defense                  
   Leon Draisaitl           Filip Forsberg           Patrick Kane             Tyson Barrie             Rasmus Ristolainen       

Last Minutes Defensive
   Center                   Left Wing                Right Wing               Defense                  Defense                  
   Leon Draisaitl           Casey Cizikas            Travis Zajac             Brandon Montour          Rasmus Ristolainen       

Goaltenders
Starting : Matt Murray              
Backup : Casey DeSmith            

Extra Forwards
Normal : Patrick Kane, Leon Draisaitl, Filip Forsberg - PP : Jakub Vrana, Kevin Labanc - PK : Filip Forsberg
Extra Defensemen
Normal : T.J. Brodie, Rasmus Ristolainen, Nikita Zadorov - PP : Mike Matheson - PK : Brandon Montour, Rasmus Ristolainen
Penalty Shots
Patrick Kane, Leon Draisaitl, Jakub Vrana, Vincent Trocheck, Casey Cizikas
Custom OT Lines Forwards
Patrick Kane, Leon Draisaitl, Filip Forsberg, Vincent Trocheck, Casey Cizikas, Martin Necas, Kevin Fiala, Jakub Vrana, Calle Jarnkrok, Travis Zajac
Custom OT Lines Defensemen
Tyson Barrie, Brandon Montour, T.J. Brodie, Mike Matheson, Nikita Zadorov

Scratches
Ryan Hitchcock (Healthy)

% Time on Ice - Kings

Lines # - Real PCT - Wanted PCT - Time Play
Normal Forward
1 - 35% - 37% - 18:53
2 - 30% - 34% - 16:18
3 - 18% - 21% - 10:05
4 - 17% - 8% - 9:27
Normal Defense
1 - 43% - 40% - 23:36
2 - 32% - 36% - 17:45
3 - 24% - 24% - 13:22
4 - 0% - 0% - 0:00
PP Forward
1 - 55% - 60% - 3:15
2 - 45% - 40% - 2:42
PP Defense
1 - 59% - 60% - 3:29
2 - 41% - 40% - 2:28
PK Forward
1 - 83% - 60% - 8:49
2 - 17% - 40% - 1:49
PK Defense
1 - 66% - 60% - 7:01
2 - 34% - 40% - 3:37
PK3 Forward
1 - 0% - 60%
2 - 0% - 40%
PK3 Defense
1 - 0% - 60%
2 - 0% - 40%
44 Forward
1 - 0% - 60%
2 - 0% - 40%
44 Defense
1 - 0% - 60%
2 - 0% - 40%
Last Minute Offensive  - 0:00
Last Minute Defensive  - 0:00
Total
Forward - 71:18
Defense - 71:18

% Time on Ice - Flyers

Lines # - Real PCT - Wanted PCT - Time Play
Normal Forward
1 - 30% - 32% - 16:30
2 - 25% - 28% - 13:41
3 - 25% - 25% - 13:30
4 - 20% - 15% - 11:02
Normal Defense
1 - 35% - 37% - 19:15
2 - 35% - 34% - 19:01
3 - 29% - 29% - 15:43
4 - 1% - 0% - 0:44
PP Forward
1 - 57% - 55% - 6:04
2 - 43% - 45% - 4:34
PP Defense
1 - 65% - 55% - 6:52
2 - 35% - 45% - 3:46
PK Forward
1 - 60% - 55% - 3:33
2 - 40% - 45% - 2:24
PK Defense
1 - 53% - 50% - 3:08
2 - 47% - 50% - 2:49
PK3 Forward
1 - 0% - 55%
2 - 0% - 45%
PK3 Defense
1 - 0% - 50%
2 - 0% - 50%
44 Forward
1 - 0% - 55%
2 - 0% - 45%
44 Defense
1 - 0% - 55%
2 - 0% - 45%
Last Minute Offensive  - 0:00
Last Minute Defensive  - 0:00
Total
Forward - 71:18
Defense - 71:18

Play-by-Play

1st period


0:01 of 1st period - Tomas Hertl wins face-off versus Leon Draisaitl in neutral zone.
0:12 of 1st period - Snap shot by Alexander Radulov.
0:12 of 1st period - Shot Blocked by Rasmus Ristolainen.
0:32 of 1st period - Slapshot by Jakub Vrana.
0:32 of 1st period - Stopped by Semyon Varlamov with a rebound.
0:34 of 1st period - Snap shot by Jakub Vrana.
0:34 of 1st period - Deflect By Tomas Hertl.
0:34 of 1st period - Goal by Jakub Vrana - Kings : 0 - Flyers : 1.
0:35 of 1st period - Travis Zajac wins face-off versus Artem Anisimov in neutral zone.
0:40 of 1st period - Wrist shot by Travis Zajac.
0:40 of 1st period - Stopped by Semyon Varlamov with a rebound.
0:42 of 1st period - Slapshot by Travis Zajac.
0:42 of 1st period - Shot Misses the Net.
0:52 of 1st period - Slapshot by Filip Forsberg.
0:52 of 1st period - Deflect By Travis Zajac.
0:52 of 1st period - Stopped by Semyon Varlamov without a rebound.
0:53 of 1st period - Calle Jarnkrok wins face-off versus Zack Smith in Kings zone.
0:58 of 1st period - Snap shot by Kevin Labanc.
0:58 of 1st period - Stopped by Semyon Varlamov with a rebound.
2:13 of 1st period - Wrist shot by Taro Hirose.
2:13 of 1st period - Shot Blocked by T.J. Brodie.
2:33 of 1st period - Wrist shot by Carter Rowney.
2:33 of 1st period - Stopped by Matt Murray without a rebound.
2:34 of 1st period - Tomas Hertl wins face-off versus Casey Cizikas in Flyers zone.
2:45 of 1st period - Snap shot by Jakub Vrana.
2:45 of 1st period - Shot Misses the Net.
2:47 of 1st period - Slapshot by Brandon Montour.
2:47 of 1st period - Shot Blocked by Shea Weber.
3:04 of 1st period - Wrist shot by Tomas Hertl.
3:04 of 1st period - Stopped by Matt Murray with a rebound.
3:19 of 1st period - Icing by Danny DeKeyser.
3:20 of 1st period - Leon Draisaitl wins face-off versus Alex Ovechkin in Kings zone.
3:25 of 1st period - Wrist shot by Patrick Kane.
3:25 of 1st period - Shot Blocked by Luke Schenn.
3:27 of 1st period - Slapshot by Patrick Kane.
3:27 of 1st period - Stopped by Semyon Varlamov with a rebound.
3:53 of 1st period - Snap shot by Alex Ovechkin.
3:53 of 1st period - Shot Misses the Net.
4:16 of 1st period - Luke Schenn is hit by Casey Cizikas and loses puck.
4:39 of 1st period - Slapshot by Kevin Labanc.
4:39 of 1st period - Stopped by Semyon Varlamov with a rebound.
5:36 of 1st period - Slapshot by Kevin Fiala.
5:36 of 1st period - Shot Misses the Net.
5:48 of 1st period - Snap shot by Artemi Panarin.
5:48 of 1st period - Stopped by Matt Murray without a rebound.
5:49 of 1st period - Leon Draisaitl wins face-off versus Zack Smith in Flyers zone.
6:16 of 1st period - Zack Smith is hit by Jakub Vrana and loses puck.
6:27 of 1st period - Wrist shot by Artturi Lehkonen.
6:27 of 1st period - Stopped by Matt Murray with a rebound.
6:29 of 1st period - Snap shot by Nikolay Goldobin.
6:29 of 1st period - Goal by Nikolay Goldobin - Kings : 1 - Flyers : 1.
6:30 of 1st period - Leon Draisaitl wins face-off versus Artem Anisimov in neutral zone.
6:32 of 1st period - Off-side.
6:33 of 1st period - Leon Draisaitl wins face-off versus Artem Anisimov in neutral zone.
7:26 of 1st period - Wrist shot by Filip Forsberg.
7:26 of 1st period - Shot Misses the Net.
7:28 of 1st period - Wrist shot by Travis Zajac.
7:28 of 1st period - Shot Blocked by Jonas Brodin.
7:30 of 1st period - Snap shot by Filip Forsberg.
7:30 of 1st period - Goal by Filip Forsberg - Kings : 1 - Flyers : 2.
7:31 of 1st period - Travis Zajac wins face-off versus Artem Anisimov in neutral zone.
7:34 of 1st period - Alex Goligoski is hit by Brandon Montour and loses puck.
7:57 of 1st period - Casey Cizikas is hit by Alex Goligoski and loses puck.
8:11 of 1st period - Icing by T.J. Brodie.
8:12 of 1st period - Artem Anisimov wins face-off versus Casey Cizikas in Flyers zone.
8:17 of 1st period - Wrist shot by Artemi Panarin.
8:17 of 1st period - Stopped by Matt Murray with a rebound.
9:02 of 1st period - Snap shot by Travis Zajac.
9:02 of 1st period - Deflect By Danny DeKeyser.
9:02 of 1st period - Shot Blocked by Danny DeKeyser.
9:02 of 1st period - Puck is out of play.
9:03 of 1st period - Artem Anisimov wins face-off versus Travis Zajac in Kings zone.
9:03 of 1st period - Artem Anisimov is hit by Travis Zajac.
9:46 of 1st period - Snap shot by Tyler Johnson.
9:46 of 1st period - Stopped by Matt Murray without a rebound.
9:47 of 1st period - Patrick Kane wins face-off versus Tomas Hertl in Flyers zone.
9:56 of 1st period - Wrist shot by Leon Draisaitl.
9:56 of 1st period - Stopped by Semyon Varlamov with a rebound.
10:17 of 1st period - Off-side.
10:18 of 1st period - Casey Cizikas wins face-off versus Zack Smith in neutral zone.
10:33 of 1st period - Wrist shot by Martin Necas.
10:33 of 1st period - Shot Blocked by Zack Smith.
10:53 of 1st period - Wrist shot by Martin Necas.
10:53 of 1st period - Stopped by Semyon Varlamov without a rebound.
10:54 of 1st period - Tomas Hertl wins face-off versus Leon Draisaitl in Kings zone.
10:56 of 1st period - Minor Penalty to Shea Weber for Roughing.
10:57 of 1st period - Zack Smith wins face-off versus Leon Draisaitl in Kings zone.
11:31 of 1st period - Wrist shot by Filip Forsberg.
11:31 of 1st period - Shot Blocked by Brian Dumoulin.
11:33 of 1st period - Slapshot by Vincent Trocheck.
11:33 of 1st period - Deflect By Brian Dumoulin.
11:33 of 1st period - Stopped by Semyon Varlamov without a rebound.
11:34 of 1st period - Travis Zajac wins face-off versus Zack Smith in Kings zone.
11:35 of 1st period - Snap shot by Filip Forsberg.
11:35 of 1st period - Shot Blocked by Luke Schenn.
11:37 of 1st period - Snap shot by Travis Konecny.
11:37 of 1st period - Shot Misses the Net.
11:39 of 1st period - Slapshot by Brandon Montour.
11:39 of 1st period - Goal by Brandon Montour - Kings : 1 - Flyers : 3.
11:40 of 1st period - Tomas Hertl wins face-off versus Leon Draisaitl in neutral zone.
11:47 of 1st period - Backhand shot by Tomas Hertl.
11:47 of 1st period - Shot Misses the Net.
11:49 of 1st period - Slapshot by Alex Ovechkin.
11:49 of 1st period - Goal by Alex Ovechkin - Kings : 2 - Flyers : 3.
11:50 of 1st period - Leon Draisaitl wins face-off versus Tomas Hertl in neutral zone.
11:52 of 1st period - Minor Penalty to Tyson Barrie for Delaying the game.
11:53 of 1st period - Calle Jarnkrok wins face-off versus Tomas Hertl in Flyers zone.
13:52 of 1st period - Penalty to Tyson Barrie is over, Tyson Barrie is back on ice.
16:15 of 1st period - Alexander Radulov is hit by Calle Jarnkrok.
16:36 of 1st period - Wrist shot by Artemi Panarin.
16:36 of 1st period - Stopped by Matt Murray with a rebound.
17:09 of 1st period - Minor Penalty to Alex Ovechkin for High sticking.
17:10 of 1st period - Leon Draisaitl wins face-off versus Zack Smith in Kings zone.
18:25 of 1st period - Travis Zajac is hit by Artem Anisimov and loses puck.
19:05 of 1st period - Travis Konecny is hit by Tomas Hertl.
19:09 of 1st period - Penalty to Alex Ovechkin is over, Alex Ovechkin is back on ice.
19:37 of 1st period - Alex Goligoski is hit by Casey Cizikas.
19:41 of 1st period - Jakub Vrana is hit by Artem Anisimov.
19:55 of 1st period - Jakub Vrana is hit by Alex Goligoski and loses puck.
Goals for this period are 2 for Kings vs 3 for Flyers.
Shots for this period are 9 for Kings vs 12 for Flyers.

2nd period


0:01 of 2nd period - Vincent Trocheck wins face-off versus Alex Ovechkin in neutral zone.
0:26 of 2nd period - Shea Weber is hit by Filip Forsberg and loses puck.
1:38 of 2nd period - Slapshot by Taro Hirose.
1:38 of 2nd period - Shot Blocked by Nikita Zadorov.
2:19 of 2nd period - Artturi Lehkonen is hit by Martin Necas and loses puck.
2:41 of 2nd period - Snap shot by Alexander Radulov.
2:41 of 2nd period - Shot Misses the Net.
2:43 of 2nd period - Wrist shot by Luke Schenn.
2:43 of 2nd period - Stopped by Matt Murray with a rebound.
2:45 of 2nd period - Slapshot by Luke Schenn.
2:45 of 2nd period - Stopped by Matt Murray without a rebound.
2:46 of 2nd period - Leon Draisaitl wins face-off versus Artemi Panarin in Flyers zone.
3:13 of 2nd period - Tomas Hertl is hit by Brandon Montour and loses puck.
3:37 of 2nd period - Off-side.
3:38 of 2nd period - Zack Smith wins face-off versus Casey Cizikas in neutral zone.
3:43 of 2nd period - Wrist shot by Zack Smith.
3:43 of 2nd period - Stopped by Matt Murray without a rebound.
3:44 of 2nd period - Leon Draisaitl wins face-off versus Artem Anisimov in Flyers zone.
3:46 of 2nd period - Icing by Vincent Trocheck.
3:47 of 2nd period - Vincent Trocheck wins face-off versus Artem Anisimov in Flyers zone.
4:40 of 2nd period - Snap shot by Nikolay Goldobin.
4:40 of 2nd period - Stopped by Matt Murray with a rebound.
4:42 of 2nd period - Wrist shot by Artturi Lehkonen.
4:42 of 2nd period - Deflect By Nikolay Goldobin.
4:42 of 2nd period - Shot Misses the Net.
4:42 of 2nd period - Puck is out of play.
4:43 of 2nd period - Leon Draisaitl wins face-off versus Artem Anisimov in Flyers zone.
4:48 of 2nd period - Snap shot by Vincent Trocheck.
4:48 of 2nd period - Stopped by Semyon Varlamov without a rebound.
4:49 of 2nd period - Artem Anisimov wins face-off versus Leon Draisaitl in Kings zone.
5:49 of 2nd period - Snap shot by Zack Smith.
5:49 of 2nd period - Stopped by Matt Murray with a rebound.
6:47 of 2nd period - Alex Ovechkin is hit by Filip Forsberg.
6:55 of 2nd period - Snap shot by Filip Forsberg.
6:55 of 2nd period - Stopped by Semyon Varlamov without a rebound.
6:56 of 2nd period - Leon Draisaitl wins face-off versus Alexander Radulov in Kings zone.
7:02 of 2nd period - Minor Penalty to Alexander Radulov for Roughing.
7:03 of 2nd period - Zack Smith wins face-off versus Leon Draisaitl in Kings zone.
7:11 of 2nd period - Patrick Kane is hit by Zack Smith and loses puck.
7:41 of 2nd period - Icing by Brandon Montour.
7:42 of 2nd period - Travis Zajac wins face-off versus Tomas Hertl in Flyers zone.
7:55 of 2nd period - Snap shot by Filip Forsberg.
7:55 of 2nd period - Shot Blocked by Alex Ovechkin.
7:57 of 2nd period - Wrist shot by Travis Zajac.
7:57 of 2nd period - Stopped by Semyon Varlamov without a rebound.
7:58 of 2nd period - Zack Smith wins face-off versus Leon Draisaitl in Kings zone.
8:09 of 2nd period - Wrist shot by Leon Draisaitl.
8:09 of 2nd period - Stopped by Semyon Varlamov without a rebound.
8:10 of 2nd period - Leon Draisaitl wins face-off versus Zack Smith in Kings zone.
9:02 of 2nd period - Penalty to Alexander Radulov is over, Alexander Radulov is back on ice.
9:15 of 2nd period - Wrist shot by Calle Jarnkrok.
9:15 of 2nd period - Shot Blocked by Luke Schenn.
9:47 of 2nd period - Snap shot by Travis Zajac.
9:47 of 2nd period - Shot Misses the Net.
9:49 of 2nd period - Slapshot by Travis Konecny.
9:49 of 2nd period - Stopped by Semyon Varlamov with a rebound.
9:59 of 2nd period - Snap shot by Alexander Radulov.
9:59 of 2nd period - Shot Blocked by Vincent Trocheck.
10:05 of 2nd period - Danny DeKeyser is hit by Tyson Barrie and loses puck.
10:18 of 2nd period - Wrist shot by Carter Rowney.
10:18 of 2nd period - Shot Misses the Net.
10:28 of 2nd period - Taro Hirose is hit by Kevin Labanc and loses puck.
10:39 of 2nd period - Wrist shot by Artemi Panarin.
10:39 of 2nd period - Stopped by Matt Murray with a rebound.
10:51 of 2nd period - Carter Rowney is hit by Travis Zajac and loses puck.
10:56 of 2nd period - Wrist shot by Filip Forsberg.
10:56 of 2nd period - Stopped by Semyon Varlamov without a rebound.
10:57 of 2nd period - Leon Draisaitl wins face-off versus Artem Anisimov in Kings zone.
11:38 of 2nd period - Slapshot by Jakub Vrana.
11:38 of 2nd period - Shot Misses the Net.
12:02 of 2nd period - Off-side.
12:03 of 2nd period - Leon Draisaitl wins face-off versus Artem Anisimov in neutral zone.
13:14 of 2nd period - Minor Penalty to Shea Weber for Interference.
13:15 of 2nd period - Leon Draisaitl wins face-off versus Zack Smith in Kings zone.
13:42 of 2nd period - Zack Smith is hit by Vincent Trocheck and loses puck.
14:25 of 2nd period - Alex Ovechkin is hit by Vincent Trocheck and loses puck.
15:14 of 2nd period - Penalty to Shea Weber is over, Shea Weber is back on ice.
15:21 of 2nd period - Artturi Lehkonen is hit by Tyson Barrie and loses puck.
15:40 of 2nd period - Slapshot by Artem Anisimov.
15:40 of 2nd period - Shot Misses the Net.
15:42 of 2nd period - Wrist shot by Artem Anisimov.
15:42 of 2nd period - Stopped by Matt Murray with a rebound.
15:44 of 2nd period - Snap shot by Tyler Johnson.
15:44 of 2nd period - Shot Misses the Net.
16:26 of 2nd period - Leon Draisaitl is hit by Alex Goligoski.
16:52 of 2nd period - Rasmus Ristolainen is hit by Sean Kuraly and loses puck.
18:01 of 2nd period - Tyson Barrie is hit by Brian Dumoulin and loses puck.
18:22 of 2nd period - Luke Schenn is hit by Travis Konecny and loses puck.
18:38 of 2nd period - Minor Penalty to Nikita Zadorov for Elbowing.
18:39 of 2nd period - Tomas Hertl wins face-off versus Calle Jarnkrok in Flyers zone.
19:27 of 2nd period - Jonas Brodin is hit by Casey Cizikas and loses puck.
19:34 of 2nd period - Alex Ovechkin is hit by Calle Jarnkrok and loses puck.
Goals for this period are 0 for Kings vs 0 for Flyers.
Shots for this period are 7 for Kings vs 6 for Flyers.

3rd period


0:01 of 3rd period - Calle Jarnkrok wins face-off versus Tomas Hertl in neutral zone.
0:36 of 3rd period - T.J. Brodie is hit by Artemi Panarin and loses puck.
0:38 of 3rd period - Penalty to Nikita Zadorov is over, Nikita Zadorov is back on ice.
1:11 of 3rd period - Snap shot by Martin Necas.
1:11 of 3rd period - Stopped by Semyon Varlamov with a rebound.
1:36 of 3rd period - Minor Penalty to Alex Ovechkin for Holding.
1:37 of 3rd period - Leon Draisaitl wins face-off versus Zack Smith in Kings zone.
1:51 of 3rd period - Snap shot by Leon Draisaitl.
1:51 of 3rd period - Deflect By Patrick Kane.
1:51 of 3rd period - Shot Blocked by Zack Smith.
1:51 of 3rd period - Puck is out of play.
1:52 of 3rd period - Leon Draisaitl wins face-off versus Zack Smith in Kings zone.
2:18 of 3rd period - Icing by Vincent Trocheck.
2:19 of 3rd period - Travis Zajac wins face-off versus Zack Smith in Flyers zone.
2:19 of 3rd period - Travis Zajac is hit by Zack Smith.
3:36 of 3rd period - Penalty to Alex Ovechkin is over, Alex Ovechkin is back on ice.
3:57 of 3rd period - Snap shot by Calle Jarnkrok.
3:57 of 3rd period - Shot Blocked by Shea Weber.
4:09 of 3rd period - Snap shot by Jakub Vrana.
4:09 of 3rd period - Stopped by Semyon Varlamov with a rebound.
4:31 of 3rd period - Kevin Fiala is hit by Jonas Brodin and loses puck.
4:42 of 3rd period - Tyson Barrie is hit by Sean Kuraly and loses puck.
5:15 of 3rd period - Slapshot by Alexander Radulov.
5:15 of 3rd period - Shot Misses the Net.
5:21 of 3rd period - Filip Forsberg is hit by Luke Schenn and loses puck.
6:00 of 3rd period - Slapshot by Carter Rowney.
6:00 of 3rd period - Stopped by Matt Murray with a rebound.
6:02 of 3rd period - Snap shot by Taro Hirose.
6:02 of 3rd period - Stopped by Matt Murray with a rebound.
6:04 of 3rd period - Wrist shot by Carter Rowney.
6:04 of 3rd period - Goal by Carter Rowney - Kings : 3 - Flyers : 3.
6:05 of 3rd period - Leon Draisaitl wins face-off versus Artem Anisimov in neutral zone.
6:14 of 3rd period - Wrist shot by Patrick Kane.
6:14 of 3rd period - Stopped by Semyon Varlamov with a rebound.
6:16 of 3rd period - Wrist shot by Leon Draisaitl.
6:16 of 3rd period - Shot Blocked by Artemi Panarin.
6:18 of 3rd period - Snap shot by Brandon Montour.
6:18 of 3rd period - Shot Blocked by Shea Weber.
6:38 of 3rd period - Wrist shot by Filip Forsberg.
6:38 of 3rd period - Deflect By Travis Zajac.
6:38 of 3rd period - Shot Misses the Net.
6:38 of 3rd period - Puck is out of play.
6:39 of 3rd period - Tomas Hertl wins face-off versus Filip Forsberg in Kings zone.
6:39 of 3rd period - Tomas Hertl is hit by Nikita Zadorov.
6:44 of 3rd period - Off-side.
6:45 of 3rd period - Leon Draisaitl wins face-off versus Tomas Hertl in neutral zone.
7:12 of 3rd period - Slapshot by Artem Anisimov.
7:12 of 3rd period - Stopped by Matt Murray with a rebound.
7:16 of 3rd period - Backhand shot by Artemi Panarin.
7:16 of 3rd period - Shot Misses the Net.
7:18 of 3rd period - Snap shot by Tyler Johnson.
7:18 of 3rd period - Stopped by Matt Murray without a rebound.
7:19 of 3rd period - Travis Zajac wins face-off versus Artem Anisimov in Flyers zone.
7:24 of 3rd period - Snap shot by Travis Konecny.
7:24 of 3rd period - Shot Blocked by Shea Weber.
7:26 of 3rd period - Slapshot by Brandon Montour.
7:26 of 3rd period - Stopped by Semyon Varlamov with a rebound.
7:28 of 3rd period - Snap shot by Travis Konecny.
7:28 of 3rd period - Shot Misses the Net.
7:55 of 3rd period - Snap shot by Tomas Hertl.
7:55 of 3rd period - Shot Misses the Net.
7:57 of 3rd period - Slapshot by Danny DeKeyser.
7:57 of 3rd period - Deflect By Alexander Radulov.
7:57 of 3rd period - Stopped by Matt Murray without a rebound.
7:58 of 3rd period - Patrick Kane wins face-off versus Tomas Hertl in Flyers zone.
8:15 of 3rd period - Wrist shot by Alexander Radulov.
8:15 of 3rd period - Deflect By Alex Ovechkin.
8:15 of 3rd period - Shot Misses the Net.
8:15 of 3rd period - Puck is out of play.
8:16 of 3rd period - Artem Anisimov wins face-off versus Travis Zajac in Flyers zone.
8:43 of 3rd period - Rasmus Ristolainen is hit by Alex Ovechkin and loses puck.
9:06 of 3rd period - Backhand shot by Artturi Lehkonen.
9:06 of 3rd period - Stopped by Matt Murray without a rebound.
9:07 of 3rd period - Zack Smith wins face-off versus Casey Cizikas in Flyers zone.
9:21 of 3rd period - Off-side.
9:22 of 3rd period - Artem Anisimov wins face-off versus Leon Draisaitl in neutral zone.
9:31 of 3rd period - Wrist shot by Tyler Johnson.
9:31 of 3rd period - Stopped by Matt Murray with a rebound.
9:33 of 3rd period - Wrist shot by Artem Anisimov.
9:33 of 3rd period - Stopped by Matt Murray with a rebound.
9:35 of 3rd period - Slapshot by Alex Goligoski.
9:35 of 3rd period - Stopped by Matt Murray with a rebound.
9:37 of 3rd period - Snap shot by Artemi Panarin.
9:37 of 3rd period - Stopped by Matt Murray without a rebound.
9:38 of 3rd period - Tomas Hertl wins face-off versus Travis Zajac in Flyers zone.
9:41 of 3rd period - Wrist shot by Alexander Radulov.
9:41 of 3rd period - Shot Misses the Net.
9:43 of 3rd period - Minor Penalty to Filip Forsberg for Hooking.
9:44 of 3rd period - Calle Jarnkrok wins face-off versus Tomas Hertl in Flyers zone.
9:59 of 3rd period - Tomas Hertl is hit by Brandon Montour and loses puck.
10:22 of 3rd period - Snap shot by Artemi Panarin.
10:22 of 3rd period - Stopped by Matt Murray without a rebound.
10:23 of 3rd period - Calle Jarnkrok wins face-off versus Alexander Radulov in Flyers zone.
10:32 of 3rd period - Slapshot by Shea Weber.
10:32 of 3rd period - Shot Blocked by Nikita Zadorov.
10:50 of 3rd period - Travis Zajac is hit by Artemi Panarin and loses puck.
11:15 of 3rd period - Casey Cizikas is hit by Alexander Radulov and loses puck.
11:43 of 3rd period - Penalty to Filip Forsberg is over, Filip Forsberg is back on ice.
11:58 of 3rd period - Slapshot by Zack Smith.
11:58 of 3rd period - Shot Blocked by Mike Matheson.
12:17 of 3rd period - Wrist shot by Filip Forsberg.
12:17 of 3rd period - Stopped by Semyon Varlamov with a rebound.
12:23 of 3rd period - Snap shot by Leon Draisaitl.
12:23 of 3rd period - Stopped by Semyon Varlamov with a rebound.
12:25 of 3rd period - Slapshot by Mike Matheson.
12:25 of 3rd period - Deflect By Brian Dumoulin.
12:25 of 3rd period - Stopped by Semyon Varlamov with a rebound.
12:35 of 3rd period - Wrist shot by Leon Draisaitl.
12:35 of 3rd period - Stopped by Semyon Varlamov with a rebound.
12:51 of 3rd period - Wrist shot by Filip Forsberg.
12:51 of 3rd period - Shot Blocked by Jonas Brodin.
13:15 of 3rd period - Snap shot by Leon Draisaitl.
13:15 of 3rd period - Shot Misses the Net.
13:17 of 3rd period - Slapshot by Leon Draisaitl.
13:17 of 3rd period - Shot Misses the Net.
13:19 of 3rd period - Slapshot by Mike Matheson.
13:19 of 3rd period - Stopped by Semyon Varlamov with a rebound.
13:21 of 3rd period - Slapshot by Mike Matheson.
13:21 of 3rd period - Stopped by Semyon Varlamov without a rebound.
13:22 of 3rd period - Artem Anisimov wins face-off versus Casey Cizikas in Kings zone.
13:37 of 3rd period - Snap shot by Martin Necas.
13:37 of 3rd period - Shot Misses the Net.
14:11 of 3rd period - Wrist shot by Kevin Fiala.
14:11 of 3rd period - Stopped by Semyon Varlamov without a rebound.
14:12 of 3rd period - Casey Cizikas wins face-off versus Artem Anisimov in Kings zone.
14:17 of 3rd period - Snap shot by Martin Necas.
14:17 of 3rd period - Stopped by Semyon Varlamov with a rebound.
14:19 of 3rd period - Slapshot by Tyson Barrie.
14:19 of 3rd period - Shot Blocked by Tyler Johnson.
14:21 of 3rd period - Slapshot by Jakub Vrana.
14:21 of 3rd period - Shot Blocked by Shea Weber.
14:23 of 3rd period - Wrist shot by Martin Necas.
14:23 of 3rd period - Shot Misses the Net.
14:37 of 3rd period - T.J. Brodie is hit by Shea Weber and loses puck.
14:42 of 3rd period - Wrist shot by Nikolay Goldobin.
14:42 of 3rd period - Shot Blocked by Rasmus Ristolainen.
14:44 of 3rd period - Slapshot by Artturi Lehkonen.
14:44 of 3rd period - Stopped by Matt Murray without a rebound.
14:45 of 3rd period - Tomas Hertl wins face-off versus Casey Cizikas in Flyers zone.
17:19 of 3rd period - Brian Dumoulin is hit by Vincent Trocheck and loses puck.
17:48 of 3rd period - Wrist shot by Casey Cizikas.
17:48 of 3rd period - Shot Blocked by Luke Schenn.
18:00 of 3rd period - Snap shot by Kevin Labanc.
18:00 of 3rd period - Stopped by Semyon Varlamov without a rebound.
18:01 of 3rd period - Calle Jarnkrok wins face-off versus Artemi Panarin in Kings zone.
18:26 of 3rd period - Martin Necas is hit by Shea Weber and loses puck.
19:49 of 3rd period - Snap shot by Kevin Labanc.
19:49 of 3rd period - Deflect By Alex Ovechkin.
19:49 of 3rd period - Shot Misses the Net.
19:49 of 3rd period - Puck is out of play.
19:50 of 3rd period - Travis Konecny wins face-off versus Artem Anisimov in Kings zone.
Goals for this period are 1 for Kings vs 0 for Flyers.
Shots for this period are 13 for Kings vs 13 for Flyers.

Overtime #1


0:01 of 1st overtime period - Travis Zajac wins face-off versus Artem Anisimov in neutral zone.
0:04 of 1st overtime period - Snap shot by Filip Forsberg.
0:04 of 1st overtime period - Stopped by Semyon Varlamov without a rebound.
0:05 of 1st overtime period - Travis Zajac wins face-off versus Tyler Johnson in Kings zone.
0:10 of 1st overtime period - Wrist shot by Travis Zajac.
0:10 of 1st overtime period - Deflect By Travis Konecny.
0:10 of 1st overtime period - Shot Misses the Net.
0:10 of 1st overtime period - Puck is out of play.
0:11 of 1st overtime period - Travis Zajac wins face-off versus Artem Anisimov in Kings zone.
0:12 of 1st overtime period - Snap shot by Travis Konecny.
0:12 of 1st overtime period - Shot Blocked by Artemi Panarin.
0:14 of 1st overtime period - Wrist shot by Travis Konecny.
0:14 of 1st overtime period - Stopped by Semyon Varlamov without a rebound.
0:15 of 1st overtime period - Artem Anisimov wins face-off versus Travis Zajac in Kings zone.
2:05 of 1st overtime period - Alexander Radulov is hit by Martin Necas and loses puck.
2:24 of 1st overtime period - Brandon Montour is hit by Artturi Lehkonen and loses puck.
3:11 of 1st overtime period - Off-side.
3:12 of 1st overtime period - Travis Zajac wins face-off versus Artem Anisimov in neutral zone.
3:15 of 1st overtime period - Slapshot by Mike Matheson.
3:15 of 1st overtime period - Deflect By Travis Konecny.
3:15 of 1st overtime period - Deflect By Artemi Panarin.
3:15 of 1st overtime period - Stopped by Semyon Varlamov without a rebound.
3:16 of 1st overtime period - Travis Zajac wins face-off versus Artem Anisimov in Kings zone.
3:23 of 1st overtime period - Wrist shot by Filip Forsberg.
3:23 of 1st overtime period - Shot Misses the Net.
4:11 of 1st overtime period - Wrist shot by Nikolay Goldobin.
4:11 of 1st overtime period - Deflect By Zack Smith.
4:11 of 1st overtime period - Shot Misses the Net.
4:11 of 1st overtime period - Puck is out of play.
4:12 of 1st overtime period - Travis Zajac wins face-off versus Artem Anisimov in Flyers zone.
4:39 of 1st overtime period - Shea Weber is hit by Casey Cizikas and loses puck.
4:58 of 1st overtime period - Minor Penalty to Alexander Radulov for Holding.
4:59 of 1st overtime period - Leon Draisaitl wins face-off versus Zack Smith in Kings zone.
6:58 of 1st overtime period - Penalty to Alexander Radulov is over, Alexander Radulov is back on ice.
7:15 of 1st overtime period - Snap shot by Rasmus Ristolainen.
7:15 of 1st overtime period - Stopped by Semyon Varlamov with a rebound.
7:17 of 1st overtime period - Slapshot by Vincent Trocheck.
7:17 of 1st overtime period - Stopped by Semyon Varlamov with a rebound.
7:19 of 1st overtime period - Snap shot by Calle Jarnkrok.
7:19 of 1st overtime period - Shot Blocked by Jonas Brodin.
9:51 of 1st overtime period - Backhand shot by Alex Ovechkin.
9:51 of 1st overtime period - Stopped by Matt Murray without a rebound.
9:52 of 1st overtime period - Sean Kuraly wins face-off versus Travis Zajac in Flyers zone.
10:57 of 1st overtime period - Slapshot by Kevin Labanc.
10:57 of 1st overtime period - Shot Misses the Net.
10:59 of 1st overtime period - Snap shot by Mike Matheson.
10:59 of 1st overtime period - Deflect By Kevin Fiala.
10:59 of 1st overtime period - Stopped by Semyon Varlamov with a rebound.
11:01 of 1st overtime period - Snap shot by Calle Jarnkrok.
11:01 of 1st overtime period - Shot Misses the Net.
11:16 of 1st overtime period - Slapshot by Danny DeKeyser.
11:16 of 1st overtime period - Stopped by Matt Murray without a rebound.
11:17 of 1st overtime period - Zack Smith wins face-off versus Leon Draisaitl in Flyers zone.
11:18 of 1st overtime period - Snap shot by Nikolay Goldobin.
11:18 of 1st overtime period - Goal by Nikolay Goldobin - Kings : 4 - Flyers : 3.
Goals for this period are 1 for Kings vs 0 for Flyers.
Shots for this period are 3 for Kings vs 6 for Flyers.